 Dungeon Sprint DCSS version 0.22-a0-414-gacd343e (webtiles) character file.

1178 Mgcat the Martial Artist (level 8, 0/65 HPs)
             Began as a Gnoll Transmuter on May 13, 2018.
             Was a Believer of Okawaru.
             Slain by a five-headed hydra (18 damage)
             ... in the Dungeon (Sprint IX: "|||||||||||||||||||||||||||||").
             The game lasted 00:03:06 (832 turns).

Mgcat the Martial Artist (Gnoll Transmuter)          Turns: 832, Time: 00:03:06

Health: 0/65       AC:  2    Str: 13    XL:     8   Next: 42%
Magic:  20/20      EV: 28    Int: 24    God:    Okawaru [**....]
Gold:   0          SH:  0    Dex: 20    Spells: 12/23 levels left

rFire    . . .     SeeInvis .     - Unarmed
rCold    . . .     Gourm    .   (shield currently unavailable)
rNeg     . . .     Faith    .   (armour currently unavailable)
rPois    x         Spirit   .   (helmet currently unavailable)
rElec    .         Reflect  .   (cloak currently unavailable)
rCorr    .         Harm     .   (gloves currently unavailable)
MR       .....     NoTele   +   (boots currently unavailable)
Stlth    ++++......             (no amulet)
HPRegen  0.20/turn              q - +3 ring of intelligence
MPRegen  0.17/turn              r - +3 ring of intelligence

@: spider-form
A: tiny, distributed training, strong nose
a: End Transformation, Heroism, Renounce Religion


You were in the Dungeon.
You worshipped Okawaru.
Okawaru was pleased with you.
You were not hungry.
You were a venomous arachnid creature.
You visited 1 branch

Inventory:

Missiles
 a - 27 arrows
Armour
 b - a +0 robe (melded)
 o - a +0 pair of gloves (melded)
   (You found it in the Dungeon)
 p - a +0 helmet (melded)
   (You found it in the Dungeon)
Magical Staves
 m - an uncursed staff of energy {+MP, hungerless spells, !d!a@w1}
   (You found it in the Dungeon)
Jewellery
 q - a +3 ring of intelligence (left front leg)
   (You found it in the Dungeon)
 r - a +3 ring of intelligence (right front leg)
   (You found it in the Dungeon)
Wands
 n - a wand of acid (9)
   (You found it in the Dungeon)
Scrolls
 j - 2 scrolls of blinking {!r}
 k - 3 scrolls of remove curse
 l - 2 scrolls of amnesia
Potions
 c - a potion of invisibility
 e - 5 potions of curing
 f - 2 potions of heal wounds
 g - a potion of haste
 h - 4 potions of magic
 i - a potion of berserk rage {!q}
Comestibles
 d - a ration


   Skills:
 + Level 6.9 Fighting
 + Level 6.3 Short Blades
 + Level 6.3 Long Blades
 + Level 6.3 Axes
 + Level 6.3 Maces & Flails
 + Level 6.3 Polearms
 + Level 6.3 Staves
 + Level 6.3 Slings
 + Level 6.3 Bows
 + Level 6.3 Crossbows
 + Level 6.3 Throwing
 + Level 6.3 Armour
 + Level 7.9 Dodging
 + Level 6.3 Stealth
 + Level 6.3 Shields
 + Level 9.2 Unarmed Combat
 + Level 8.2 Spellcasting
 + Level 5.3 Conjurations
 + Level 5.3 Hexes
 + Level 5.3 Charms
 + Level 5.3 Summonings
 + Level 5.3 Necromancy
 + Level 5.3 Translocations
 + Level 6.6 Transmutations
 + Level 5.3 Fire Magic
 + Level 5.3 Ice Magic
 + Level 5.3 Air Magic
 + Level 5.3 Earth Magic
 + Level 5.3 Poison Magic
 + Level 7.0 Invocations
 + Level 6.3 Evocations


You had 12 spell levels left.
You knew the following spells:

 Your Spells              Type           Power        Failure   Level  Hunger
a - Beastly Appendage     Tmut           #####.       3%          1    None
b - Sticks to Snakes      Tmut           #####...     4%          2    None
c - Spider Form           Tmut/Pois      #####.....   7%          3    None
d - Blade Hands           Tmut           #####.....   28%         5    #####..

Your spell library contained the following spells:

 Spells                   Type           Power        Failure   Level  Hunger
 Ice Form                 Ice/Tmut       #####...     16%         4    ##.....


Dungeon Overview and Level Annotations

Branches:
Dungeon (1/1)

Altars:
Cheibriados
Dithmenos
Elyvilon
Fedhas
Gozag
Hepliaklqana
Kikubaaqudgha
Makhleb
Nemelex Xobeh
Okawaru
Qazlal
Ru
Sif Muna
Trog
Uskayaw
Vehumet
Wu Jian
Xom
Yredelemnul
Zin
The Shining One
Beogh
Jiyva
Lugonu


Innate Abilities, Weirdness & Mutations

Your experience applies equally to all skills.
((You have very sharp teeth.))
Your uncanny sense of smell can sniff out nearby items.


Message History

There is a radiant altar of Vehumet here.
There is an ornate altar of the Wu Jian Council here.
There is a shimmering altar of Xom here.
You start resting.
HP restored.
There is a basalt altar of Yredelemnul here.
There is a glowing silver altar of Zin here.
There is a glowing golden altar of the Shining One here.
Casting: Spider Form (safe; 1% risk of failure)
Confirm with . or Enter, or press ? or * to list all spells.
You turn into a venomous arachnid creature.
Your +0 helmet melds into your body.
Your +0 pair of gloves melds into your body.
Your +0 robe melds into your body.
You open the door.
There is an open door here.
The ball python skeleton bites you but does no damage.
The ball python skeleton grabs you.
The ball python skeleton constricts you.
You bite the ball python skeleton!
You destroy the ball python skeleton!
Okawaru accepts your kill.
Items here: )))))) a +2 scimitar of flaming; a +0 lajatang; a +2 halberd of chopping a +2 dire flail of protection; a +3 war axe of freezing a +2 rapier of distortion {!w}
Things that are here:
a giant club; a dire flail You see here a +2 ring mail.
There is an open door to the Dungeon here.
The centaur shouts!
The centaur wields a shortbow.
The centaur shoots an arrow.
The arrow closely misses you.
Items here: )) [[ ÷÷ a mace; a robe; a hand axe; a scale mail; a black bear skeleton an orc skeleton The centaur unwields an uncursed shortbow.
The centaur hits you! The centaur hits you.
You hit the centaur.
The centaur is poisoned.
The centaur is lightly wounded.
The centaur hits you but does no damage.
You bite the centaur!
The centaur looks as sick as possible!
The centaur is heavily wounded.
The centaur completely misses you.
You hit the centaur.
The centaur looks as sick as possible!
The centaur is severely wounded.
The centaur closely misses you.
You barely miss the centaur.
The centaur is severely wounded.
The centaur barely misses you. The centaur misses you.
The five-headed hydra roars!
You bite the centaur!
You kill the centaur!
Okawaru accepts your kill.
Your Invocations skill increases to level 7!
Things that are here:
an uncursed shortbow; 13 arrows; a centaur corpse You barely miss the five-headed hydra.
The five-headed hydra completely misses you.
The five-headed hydra closely misses you.
The five-headed hydra misses you.
The five-headed hydra completely misses you.
The five-headed hydra bites you.
The worker ant twitches its antennae in your direction.
You bite the five-headed hydra!
The five-headed hydra is poisoned.
The five-headed hydra is lightly wounded.
The five-headed hydra bites you!
The five-headed hydra barely misses you.
The five-headed hydra completely misses you.
The five-headed hydra misses you. x2
You bite the five-headed hydra!
The five-headed hydra is moderately wounded.
The five-headed hydra barely misses you.
The five-headed hydra closely misses you.
The five-headed hydra misses you.
The five-headed hydra completely misses you.
The five-headed hydra bites you.
You hit the five-headed hydra.
The five-headed hydra looks as sick as possible!
The five-headed hydra is moderately wounded.
The five-headed hydra misses you.
The five-headed hydra completely misses you.
The five-headed hydra misses you. The five-headed hydra bites you!
The five-headed hydra barely misses you.
You bite the five-headed hydra!
The five-headed hydra looks as sick as possible!
The five-headed hydra is heavily wounded.
The five-headed hydra bites you!
The five-headed hydra completely misses you.
The five-headed hydra bites you.
* * * LOW HITPOINT WARNING * * *
The five-headed hydra completely misses you.
The five-headed hydra closely misses you.
You bite the five-headed hydra!
The five-headed hydra is severely wounded.
You hit the five-headed hydra.
The five-headed hydra looks as sick as possible!
The five-headed hydra is almost dead.
The five-headed hydra bites you!!
You die...

▓▓▓▓▓▓▓▓▓▓▓▓▓▓▓▓▓▓▓▓▓▓▓▓▓▓
_'...))([..').).sDa......+
▓▓▓▓▓▓▓▓▓▓▓▓▓▓▓▓▓▓▓▓▓▓▓▓▓▓
∆∆∆∆ ∆ ∆∆∆∆


You could see a five-headed hydra and a worker ant.

Vanquished Creatures
  A two-headed ogre (D)
  A black bear (D)
  2 centaurs (D)
  A bullfrog (D)
  A scorpion (D)
  A wight (D)
  A howler monkey (D)
  A crimson imp (D)
  A jelly (D)
  An adder (D)
  3 orcs (D)
  2 bats (D)
  A giant cockroach (D)
  A hobgoblin (D)
  A ball python skeleton (D)
  A frilled lizard (D)
20 creatures vanquished.

Notes
Turn   | Place    | Note
-------+----------+-------------------------------------------
     0 | D        | Mgcat the Gnoll Transmuter began the quest for the Orb.
     0 | D        | Reached XP level 1. HP: 17/17 MP: 6/6
    14 | D        | HP: 4/17 [hobgoblin/club (5)]
    16 | D        | Reached skill level 5 in Spellcasting
    17 | D        | Reached skill level 1 in Invocations
   188 | D        | Noticed a howler monkey
   188 | D        | Noticed a crimson imp
   188 | D        | Noticed a centaur
   192 | D        | Reached skill level 1 in Short Blades
   192 | D        | Reached skill level 1 in Long Blades
   192 | D        | Reached skill level 1 in Axes
   192 | D        | Reached skill level 1 in Maces & Flails
   192 | D        | Reached skill level 1 in Polearms
   192 | D        | Reached skill level 1 in Staves
   192 | D        | Reached skill level 1 in Slings
   192 | D        | Reached skill level 1 in Bows
   192 | D        | Reached skill level 1 in Crossbows
   192 | D        | Reached skill level 1 in Throwing
   192 | D        | Reached skill level 1 in Armour
   192 | D        | Reached skill level 1 in Stealth
   192 | D        | Reached skill level 1 in Shields
   192 | D        | Reached skill level 1 in Evocations
   192 | D        | Reached XP level 2. HP: 18/23 MP: 6/8
   196 | D        | Killed a howler monkey
   196 | D        | Reached skill level 3 in Fighting
   196 | D        | Reached skill level 2 in Short Blades
   196 | D        | Reached skill level 2 in Long Blades
   196 | D        | Reached skill level 2 in Axes
   196 | D        | Reached skill level 2 in Maces & Flails
   196 | D        | Reached skill level 2 in Polearms
   196 | D        | Reached skill level 2 in Staves
   196 | D        | Reached skill level 2 in Slings
   196 | D        | Reached skill level 2 in Bows
   196 | D        | Reached skill level 2 in Crossbows
   196 | D        | Reached skill level 2 in Throwing
   196 | D        | Reached skill level 2 in Armour
   196 | D        | Reached skill level 5 in Dodging
   196 | D        | Reached skill level 2 in Stealth
   196 | D        | Reached skill level 2 in Shields
   196 | D        | Reached skill level 1 in Conjurations
   196 | D        | Reached skill level 1 in Hexes
   196 | D        | Reached skill level 1 in Charms
   196 | D        | Reached skill level 1 in Summonings
   196 | D        | Reached skill level 1 in Necromancy
   196 | D        | Reached skill level 1 in Translocations
   196 | D        | Reached skill level 4 in Transmutations
   196 | D        | Reached skill level 1 in Fire Magic
   196 | D        | Reached skill level 1 in Ice Magic
   196 | D        | Reached skill level 1 in Air Magic
   196 | D        | Reached skill level 1 in Earth Magic
   196 | D        | Reached skill level 1 in Poison Magic
   196 | D        | Reached skill level 2 in Invocations
   196 | D        | Reached skill level 2 in Evocations
   196 | D        | Reached XP level 3. HP: 23/29 MP: 6/9
   209 | D        | HP: 7/29 [centaur (2)]
   210 | D        | Killed a centaur
   210 | D        | Reached skill level 4 in Fighting
   210 | D        | Reached skill level 3 in Short Blades
   210 | D        | Reached skill level 3 in Long Blades
   210 | D        | Reached skill level 3 in Axes
   210 | D        | Reached skill level 3 in Maces & Flails
   210 | D        | Reached skill level 3 in Polearms
   210 | D        | Reached skill level 3 in Staves
   210 | D        | Reached skill level 3 in Slings
   210 | D        | Reached skill level 3 in Bows
   210 | D        | Reached skill level 3 in Crossbows
   210 | D        | Reached skill level 3 in Throwing
   210 | D        | Reached skill level 3 in Armour
   210 | D        | Reached skill level 3 in Stealth
   210 | D        | Reached skill level 3 in Shields
   210 | D        | Reached skill level 7 in Unarmed Combat
   210 | D        | Reached skill level 6 in Spellcasting
   210 | D        | Reached skill level 2 in Conjurations
   210 | D        | Reached skill level 2 in Hexes
   210 | D        | Reached skill level 2 in Charms
   210 | D        | Reached skill level 2 in Summonings
   210 | D        | Reached skill level 2 in Necromancy
   210 | D        | Reached skill level 2 in Translocations
   210 | D        | Reached skill level 2 in Fire Magic
   210 | D        | Reached skill level 2 in Ice Magic
   210 | D        | Reached skill level 2 in Air Magic
   210 | D        | Reached skill level 2 in Earth Magic
   210 | D        | Reached skill level 2 in Poison Magic
   210 | D        | Reached skill level 3 in Invocations
   210 | D        | Reached skill level 3 in Evocations
   210 | D        | Reached XP level 4. HP: 7/37 MP: 9/12
   210 | D        | Reached XP level 5. HP: 7/42 MP: 9/13
   236 | D        | Learned a level 2 spell: Sticks to Snakes
   240 | D        | Learned a level 3 spell: Spider Form
   246 | D        | Learned a level 5 spell: Blade Hands
   405 | D        | Found a roughly hewn altar of Beogh.
   405 | D        | Found a snail-covered altar of Cheibriados.
   405 | D        | Found a shadowy altar of Dithmenos.
   405 | D        | Found a white marble altar of Elyvilon.
   405 | D        | Found a blossoming altar of Fedhas.
   405 | D        | Found an opulent altar of Gozag.
   406 | D        | Found a hazy altar of Hepliaklqana.
   407 | D        | Found a viscous altar of Jiyva.
   408 | D        | Found an ancient bone altar of Kikubaaqudgha.
   409 | D        | Found a corrupted altar of Lugonu.
   410 | D        | Found a burning altar of Makhleb.
   411 | D        | Found a sparkling altar of Nemelex Xobeh.
   412 | D        | Found an iron altar of Okawaru.
   413 | D        | Found a stormy altar of Qazlal.
   414 | D        | Found a sacrificial altar of Ru.
   415 | D        | Found a deep blue altar of Sif Muna.
   416 | D        | Found a bloodstained altar of Trog.
   417 | D        | Found a hide-covered altar of Uskayaw.
   418 | D        | Found a radiant altar of Vehumet.
   419 | D        | Found an ornate altar of the Wu Jian Council.
   420 | D        | Found a shimmering altar of Xom.
   421 | D        | Found a basalt altar of Yredelemnul.
   422 | D        | Found a glowing silver altar of Zin.
   423 | D        | Found a glowing golden altar of the Shining One.
   440 | D        | Became a worshipper of Warmaster Okawaru
   487 | D        | Noticed a black bear
   494 | D        | Reached skill level 6 in Dodging
   494 | D        | Reached skill level 3 in Conjurations
   494 | D        | Reached skill level 3 in Hexes
   494 | D        | Reached skill level 3 in Charms
   494 | D        | Reached skill level 3 in Summonings
   494 | D        | Reached skill level 3 in Necromancy
   494 | D        | Reached skill level 3 in Translocations
   494 | D        | Reached skill level 5 in Transmutations
   494 | D        | Reached skill level 3 in Fire Magic
   494 | D        | Reached skill level 3 in Ice Magic
   494 | D        | Reached skill level 3 in Air Magic
   494 | D        | Reached skill level 3 in Earth Magic
   494 | D        | Reached skill level 3 in Poison Magic
   494 | D        | Reached skill level 4 in Invocations
   498 | D        | Reached skill level 4 in Short Blades
   498 | D        | Reached skill level 4 in Long Blades
   498 | D        | Reached skill level 4 in Axes
   498 | D        | Reached skill level 4 in Maces & Flails
   498 | D        | Reached skill level 4 in Polearms
   498 | D        | Reached skill level 4 in Staves
   498 | D        | Reached skill level 4 in Slings
   498 | D        | Reached skill level 4 in Bows
   498 | D        | Reached skill level 4 in Crossbows
   498 | D        | Reached skill level 4 in Throwing
   498 | D        | Reached skill level 4 in Armour
   498 | D        | Reached skill level 4 in Stealth
   498 | D        | Reached skill level 4 in Shields
   498 | D        | Reached skill level 4 in Evocations
   498 | D        | Reached XP level 6. HP: 31/50 MP: 11/15
   500 | D        | Reached skill level 5 in Fighting
   504 | D        | Killed a black bear
   504 | D        | Reached * piety under Okawaru
   504 | D        | Reached skill level 8 in Unarmed Combat
   504 | D        | Reached skill level 7 in Spellcasting
   504 | D        | Reached skill level 5 in Invocations
   507 | D        | Reached skill level 4 in Conjurations
   507 | D        | Reached skill level 4 in Hexes
   507 | D        | Reached skill level 4 in Charms
   507 | D        | Reached skill level 4 in Summonings
   507 | D        | Reached skill level 4 in Necromancy
   507 | D        | Reached skill level 4 in Translocations
   507 | D        | Reached skill level 4 in Fire Magic
   507 | D        | Reached skill level 4 in Ice Magic
   507 | D        | Reached skill level 4 in Air Magic
   507 | D        | Reached skill level 4 in Earth Magic
   507 | D        | Reached skill level 4 in Poison Magic
   632 | D        | Noticed a two-headed ogre
   632 | D        | Noticed a five-headed hydra
   635 | D        | Reached skill level 5 in Short Blades
   635 | D        | Reached skill level 5 in Long Blades
   635 | D        | Reached skill level 5 in Axes
   635 | D        | Reached skill level 5 in Maces & Flails
   635 | D        | Reached skill level 5 in Polearms
   635 | D        | Reached skill level 5 in Staves
   635 | D        | Reached skill level 5 in Slings
   635 | D        | Reached skill level 5 in Bows
   635 | D        | Reached skill level 5 in Crossbows
   635 | D        | Reached skill level 5 in Throwing
   635 | D        | Reached skill level 5 in Armour
   635 | D        | Reached skill level 5 in Stealth
   635 | D        | Reached skill level 5 in Shields
   635 | D        | Reached skill level 5 in Evocations
   635 | D        | Reached XP level 7. HP: 57/57 MP: 13/17
   645 | D        | HP: 4/57 [two-headed ogre/giant club (13)]
   654 | D        | Killed a two-headed ogre
   654 | D        | Reached ** piety under Okawaru
   654 | D        | Reached skill level 6 in Fighting
   654 | D        | Reached skill level 6 in Short Blades
   654 | D        | Reached skill level 6 in Long Blades
   654 | D        | Reached skill level 6 in Axes
   654 | D        | Reached skill level 6 in Maces & Flails
   654 | D        | Reached skill level 6 in Polearms
   654 | D        | Reached skill level 6 in Staves
   654 | D        | Reached skill level 6 in Slings
   654 | D        | Reached skill level 6 in Bows
   654 | D        | Reached skill level 6 in Crossbows
   654 | D        | Reached skill level 6 in Throwing
   654 | D        | Reached skill level 6 in Armour
   654 | D        | Reached skill level 7 in Dodging
   654 | D        | Reached skill level 6 in Stealth
   654 | D        | Reached skill level 6 in Shields
   654 | D        | Reached skill level 9 in Unarmed Combat
   654 | D        | Reached skill level 8 in Spellcasting
   654 | D        | Reached skill level 5 in Conjurations
   654 | D        | Reached skill level 5 in Hexes
   654 | D        | Reached skill level 5 in Charms
   654 | D        | Reached skill level 5 in Summonings
   654 | D        | Reached skill level 5 in Necromancy
   654 | D        | Reached skill level 5 in Translocations
   654 | D        | Reached skill level 6 in Transmutations
   654 | D        | Reached skill level 5 in Fire Magic
   654 | D        | Reached skill level 5 in Ice Magic
   654 | D        | Reached skill level 5 in Air Magic
   654 | D        | Reached skill level 5 in Earth Magic
   654 | D        | Reached skill level 5 in Poison Magic
   654 | D        | Reached skill level 6 in Invocations
   654 | D        | Reached skill level 6 in Evocations
   654 | D        | Reached XP level 8. HP: 7/65 MP: 17/20
   822 | D        | Reached skill level 7 in Invocations
   832 | D        | Slain by a five-headed hydra

Vault maps used:
D:        linesprint

Skill      XL: |  1  2  3  4  5  6  7  8 |
---------------+-------------------------+-----
Spellcasting   | 5 6 7 8 |  8.2
Invocations    | 1 2 3 4 5 6 7 |  7.0
Short Blades   | 1 2 3 4 5 6 |  6.3
Long Blades    | 1 2 3 4 5 6 |  6.3
Axes           | 1 2 3 4 5 6 |  6.3
Maces & Flails | 1 2 3 4 5 6 |  6.3
Polearms       | 1 2 3 4 5 6 |  6.3
Staves         | 1 2 3 4 5 6 |  6.3
Slings         | 1 2 3 4 5 6 |  6.3
Bows           | 1 2 3 4 5 6 |  6.3
Crossbows      | 1 2 3 4 5 6 |  6.3
Throwing       | 1 2 3 4 5 6 |  6.3
Armour         | 1 2 3 4 5 6 |  6.3
Stealth        | 1 2 3 4 5 6 |  6.3
Shields        | 1 2 3 4 5 6 |  6.3
Evocations     | 1 2 3 4 5 6 |  6.3
Fighting       | 3 4 5 6 |  6.9
Dodging        | 5 6 7 |  7.9
Conjurations   | 1 2 3 4 5 |  5.3
Hexes          | 1 2 3 4 5 |  5.3
Charms         | 1 2 3 4 5 |  5.3
Summonings     | 1 2 3 4 5 |  5.3
Necromancy     | 1 2 3 4 5 |  5.3
Translocations | 1 2 3 4 5 |  5.3
Transmutations | 4 5 6 |  6.6
Fire Magic     | 1 2 3 4 5 |  5.3
Ice Magic      | 1 2 3 4 5 |  5.3
Air Magic      | 1 2 3 4 5 |  5.3
Earth Magic    | 1 2 3 4 5 |  5.3
Poison Magic   | 1 2 3 4 5 |  5.3
Unarmed Combat | 7 8 9 |  9.2

Action                   |  1- 3 |  4- 6 |  7- 9 || total
-------------------------+-------+-------+-------++-------
Melee: Unarmed           |    33 |    27 |    16 ||    76
       Kick              |     7 |       |       ||     7
       Bite              |     2 |       |       ||     2
       Headbutt          |     1 |       |       ||     1
 Cast: Beastly Appendage |     2 |       |       ||     2
       Spider Form       |       |     2 |     1 ||     3
Evoke: Wand              |       |       |     1 ||     1
  Use: Potion            |       |       |     1 ||     1
Armor: Robe              |     3 |       |       ||     3
       Skin              |       |     2 |     2 ||     4
Dodge: Dodged            |    23 |    14 |    29 ||    66

Table legend:
 A = Spawn XP
 B = Non-spawn XP
 C = Spawn XP percentage of total XP
 D = Spawn monster count
 E = Non-spawn monster count
 F = Spawn count percentage of total count
 G = Total turns spent on level
                    A         B        C        D         E        F      G
               +---------+---------+-------+---------+---------+-------+---------
         Total |       0 |    1684 |   0.0 |       0 |      20 |   0.0 |   832
               +---------+---------+-------+---------+---------+-------+---------
             D |       0 |    1684 |   0.0 |       0 |      20 |   0.0 |   832
               +---------+---------+-------+---------+---------+-------+---------

Vault maps used:
D:        linesprint

Table legend:
 A = Turns spent in this place as a percentage of turns spent in the entire game.
 B = Non-inter-level travel turns spent in this place as a percentage of non-inter-level travel turns spent in the entire game.
 C = Inter-level travel turns spent in this place as a percentage of turns spent in this place.
 D = Turns resting spent in this place as a percentage of non-inter-level travel turns spent in this place.
 E = Turns spent auto-exploring this place as a percentage of non-inter-level travel turns spent in this place.
 F = Non-inter-level travel turns spent in this place divided by the number of levels of this place that you've seen.
                   A       B       C       D       E      F
               +-------+-------+-------+-------+-------+----------------------
         Total | 100.0 | 100.0 |   0.0 |  23.9 |  45.8 | 832.0
       Dungeon | 100.0 | 100.0 |   0.0 |  23.9 |  45.8 | 832.0
               +-------+-------+-------+-------+-------+----------------------

Table legend:
 A = Kills in this place as a percentage of kills in entire the game.
 B = Kills by you in this place as a percentage of kills by you in the entire game.
 C = Kills by friends in this place as a percentage of kills by friends in the entire game.
 D = Other kills in this place as a percentage of other kills in the entire game.
 E = Experience gained in this place as a percentage of experience gained in the entire game.
 F = Experience gained in this place divided by the number of levels of this place that you have seen.
                   A       B       C       D       E      F
               +-------+-------+-------+-------+-------+----------------------
         Total | 100.0 | 100.0 |   N/A |   N/A | 100.0 | 1684.0
       Dungeon | 100.0 | 100.0 |   N/A |   N/A | 100.0 | 1684.0
               +-------+-------+-------+-------+-------+----------------------
